 Dungeon Crawl Stone Soup version 0.30.1-11-g7821555f0a (webtiles) character file.

Game seed: 14896735251190942469

529 Lutefisk the Trooper (level 7, -4/15 (67) HPs)
             Began as a Hill Orc Reaver on Nov 25, 2023.
             Shot with an arrow by a centaur (11 damage)
             ... on level 5 of the Dungeon.
             The game lasted 00:16:06 (2006 turns).

Lutefisk the Trooper (Hill Orc Reaver)              Turns: 2006, Time: 00:16:06

HP:   -4/15 (67)    AC:  5    Str: 15    XL:     7   Next: 24%
MP:   5/9           EV: 11    Int: 13    God:
Gold: 173           SH:  0    Dex: 11    Spells: 8/9 levels left

rFire   . . .        a - +0 hand axe
rCold   . . .        (no shield)
rNeg    + . .        q - +0 ring mail
rPois   .            (no helmet)
rElec   .            (no cloak)
rCorr   .            (no gloves)
SInv    .            (no boots)
Will    .....        (no amulet)
Stlth   +            r - +4 ring of protection
HPRegen 0.22/turn    x - ring of positive energy
MPRegen 0.11/turn

%: no passive effects
@: corroded, very slightly contaminated, extremely drained
A: no striking features
a: no special abilities


You were on level 5 of the Dungeon.
You visited 1 branch of the dungeon, and saw 5 of its levels.
You also visited: Sewer.

You collected 173 gold pieces.

Inventory:

Hand Weapons
 a - a +0 hand axe (weapon)
 g - a +0 dagger of venom
Missiles
 k - 22 poisoned darts
 u - 6 boomerangs (quivered)
Armour
 j - a +0 chain mail
 q - a +0 ring mail (worn)
Jewellery
 r - a +4 ring of protection (left hand)
 x - a ring of positive energy (right hand)
Wands
 e - a wand of roots (8)
Scrolls
 c - a scroll of magic mapping {unknown}
 d - 3 scrolls of enchant weapon {unknown}
 i - 6 scrolls of teleportation {unknown}
 m - 4 scrolls of amnesia {unknown}
 n - 4 scrolls of identify {unknown}
 p - a scroll of torment {unknown}
 t - a scroll of fear {unknown}
 v - a scroll of fog {unknown}
 y - a scroll of blinking {unknown}
Potions
 b - a potion of brilliance
 f - 2 potions of curing
 h - 3 potions of lignification {unknown}
 l - a potion of might {unknown}
 o - 3 potions of heal wounds {unknown}
 s - a potion of degeneration {unknown}
 w - a potion of flight {unknown}
 z - a potion of haste {unknown}


   Skills:
 * Level 7.9 Fighting
 - Level 4.0 Axes
 - Level 1.0 Throwing
 - Level 2.0 Armour
 - Level 2.0 Dodging
 - Level 1.0 Stealth
 - Level 1.5 Spellcasting
 - Level 3.0 Conjurations
 - Level 2.0 Evocations


You had 8 spell levels left.
You knew the following spells:

 Your Spells              Type           Power      Damage    Failure   Level
a - Kiss of Death         Conj/Necr      16%        2d6       28%         1

Your spell library contained the following spells:

 Spells                   Type           Power      Damage    Failure   Level
 Momentum Strike          Conj/Tloc      8%         3d8       38%         2
 Dazzling Flash           Conj/Hex       8%         N/A       63%         3
 Hailstorm                Conj/Ice       4%         3d4       63%         3
 Volatile Blastmotes      Fire/Tloc      2%         2d10      83%         3
 Iskenderun's Mystic Bla  Conj/Tloc      4%         2d3       95%         4
 Starburst                Conj/Fire      2%         6d3       100%        6


Dungeon Overview and Level Annotations

Branches:
Dungeon (5/15)              Sewer (visited)
 Temple: D:4-7

Altars:
Makhleb
Okawaru


Message History

The centaur wields a +0 shortbow.
The centaur shoots an arrow.
The arrow closely misses you.
The centaur shoots an arrow.
The arrow barely misses you.
You hit the jelly but do no damage.
Your hands burn!
The jelly hits you but does no damage.
Casting: Kiss of Death (safe; 28% risk of failure)
Confirm with . or Enter, or press ? or * to list all spells.
Aiming: Kiss of Death (safe; 28% risk of failure)
Press: ? - help, Shift-Dir - straight line, f - jelly
Aim: a jelly (100% to hit)
You miscast Kiss of Death.
You are very lightly contaminated with residual magic.
Nothing appears to happen.
The jelly barely misses you.
Casting: Kiss of Death (safe; 28% risk of failure)
Confirm with . or Enter, or press ? or * to list all spells.
Aiming: Kiss of Death (safe; 28% risk of failure)
Press: ? - help, Shift-Dir - straight line, f/p - jelly
Aim: a jelly (100% to hit)
You miscast Kiss of Death.
Nothing appears to happen.
The jelly hits you. The acid corrodes you!
You are splashed with acid!
Casting: Kiss of Death (safe; 28% risk of failure)
Confirm with . or Enter, or press ? or * to list all spells.
Aiming: Kiss of Death (safe; 28% risk of failure)
Press: ? - help, Shift-Dir - straight line, f/p - jelly
Aim: a jelly (100% to hit)
The negative energy hits the jelly!
The jelly is drained!
The jelly is severely wounded.
You feel drained. The jelly completely misses you.
Casting: Kiss of Death (safe; 28% risk of failure)
Confirm with . or Enter, or press ? or * to list all spells.
Aiming: Kiss of Death (safe; 28% risk of failure)
Press: ? - help, Shift-Dir - straight line, f/p - jelly
Aim: a jelly (severely wounded, heavily drained, 100% to hit)
The negative energy hits the jelly!
The jelly is drained!
You kill the jelly!
You feel drained.
The centaur shoots an arrow.
The arrow hits you!
Ouch! That really hurt!
The centaur shoots an arrow.
The arrow hits you!
Ouch! That really hurt!
You die...

#.#.# #.#.# .c. #.#.#.#
#.. #.#.#.# #...
######.#.#.## ...
#...........# ..>
#...........#
..###.#####...........#
........c.@...........#
.#.....###...........#
........# #...........#
........# #...........#
........# #...........#
.....!..# #...........#
.[......# ##.###....[##
........# #.# #.#####
...##.### #.# #.#


You could see a centaur.

Vanquished Creatures
  3 kobold brigands (Sewer)
  2 jellies (D:5)
  Terence (D:3)
  Natasha (thrice) (D:3)
  An iguana (D:4)
  8 adders
  A shadow imp (D:5)
  4 worms
  A dart slug (D:3)
  2 orcs (D:4)
  5 bats
  12 endoplasms
  3 giant cockroaches
  9 goblins
  7 hobgoblins
  5 quokkas
  6 ball pythons
  2 frilled lizards
  9 kobolds
  6 rats
90 creatures vanquished.

Notes
Turn   | Place    | Note
-------+----------+-------------------------------------------
     0 | D:1      | Lutefisk the Hill Orc Reaver began the quest for the Orb.
     0 | D:1      | Reached XP level 1. HP: 18/18 MP: 3/3
   112 | D:1      | Reached XP level 2. HP: 16/22 MP: 4/4
   177 | D:1      | Found a faded altar of an unknown god.
   185 | D:1      | Reached skill level 1 in Armour
   257 | D:2      | Reached skill level 3 in Fighting
   257 | D:2      | Reached skill level 1 in Stealth
   257 | D:2      | Reached XP level 3. HP: 16/29 MP: 3/5
   368 | D:3      | Noticed Terence
   385 | D:3      | Killed Terence
   386 | D:3      | Reached XP level 4. HP: 6/28 MP: 2/6
   427 | D:3      | Reached skill level 4 in Fighting
   430 | D:3      | Found a glowing drain.
   439 | Sewer    | Entered a sewer
   486 | Sewer    | Noticed a kobold brigand
   501 | Sewer    | Killed a kobold brigand
   502 | Sewer    | Reached skill level 5 in Fighting
   502 | Sewer    | Reached XP level 5. HP: 19/37 MP: 7/7
   623 | Sewer    | Noticed a kobold brigand
   630 | Sewer    | Killed a kobold brigand
   631 | Sewer    | Reached skill level 6 in Fighting
   631 | Sewer    | Reached skill level 1 in Evocations
   631 | Sewer    | Reached XP level 6. HP: 28/48 MP: 8/8
  1243 | D:3      | Noticed Natasha
  1263 | D:3      | Killed Natasha
  1279 | D:3      | Noticed Natasha
  1291 | D:3      | Killed Natasha
  1292 | D:3      | Reached skill level 7 in Fighting
  1298 | D:3      | Reached skill level 1 in Throwing
  1307 | D:3      | Noticed Natasha
  1478 | D:3      | Killed Natasha
  1479 | D:3      | Reached XP level 7. HP: 24/36 MP: 6/9
  1529 | D:3      | Identified the +0 ring mail of the True Pharaoh {rElec
                  | rPois rCorr Dex-3}
  1895 | D:4      | Found an iron altar of Okawaru.
  1895 | D:4      | Found a burning altar of Makhleb.
  1929 | D:5      | Entered Level 5 of the Dungeon
  2006 | D:5      | Shot with an arrow by a centaur

Illustrated notes

Levels and vault maps discovered:
D:1:      mushboom_english_gardens, layout_loops_ring,
          nicolae_ecumenical_snake_handling
D:2:      layout_rooms
D:3:      layout_loops_ring, portal_sewer_entry_d, uniq_terence, uniq_natasha
D:4:      layout_basic, gammafunk_temple_overflow_wave
D:5:      layout_basic

Skill      XL: |  1  2  3  4  5  6 |
---------------+-------------------+-----
Armour         | 1 2 |  2.0
Dodging        | 2 |  2.0
Fighting       | 3 5 6 7 |  7.9
Stealth        | 1 |  1.0
Evocations     | 1 2 |  2.0
Throwing       | 1 |  1.0
Axes           | |  4.0
Spellcasting   | |  1.5
Conjurations   | |  3.0

Action                     |  1- 3 |  4- 6 |  7- 9 || total
---------------------------+-------+-------+-------++-------
  Melee: Hand axe          |    71 |   202 |    62 ||   335
         Dagger            |     1 |    16 |     4 ||    21
         Punch             |       |     3 |     2 ||     5
  Throw: Dart              |       |     3 |     1 ||     4
   Cast: Kiss of Death     |     5 |     7 |     3 ||    15
  Evoke: Wand              |       |     5 |       ||     5
    Use: Potion            |     1 |       |       ||     1
 Armour: Leather armour    |     8 |    28 |       ||    36
         Ring mail         |       |    67 |    20 ||    87
  Dodge: Dodged            |    52 |   118 |    35 ||   205
